 Dungeon Crawl Stone Soup version 0.30-a0-1114-gd936c97349 (webtiles) character file.

Game seed: 10683205645982874342

116 tilp the Digger (level 5, -5/42 HPs)
             Began as a Meteoran Earth Elementalist on Apr 20, 2023.
             Slain by an iguana (7 damage)
             ... on level 4 of the Dungeon.
             The game lasted 00:02:49 (509 turns).

tilp the Digger (Meteoran Earth Elementalist)        Turns: 509, Time: 00:02:49

Health: -5/42      AC:  2    Str: 15    XL:     5   Next: 45%
Magic:  8/11       EV: 13    Int: 19    God:
Gold:   62         SH:  0    Dex: 14    Spells: 6/10 levels left

rFire   . . .      SeeInvis .    a - +0 hand axe
rCold   . . .      Faith    .    (no shield)
rNeg    . . .      Spirit   .    h - +0 robe
rPois   .          Reflect  .    (no helmet)
rElec   .          Rampage  .    (no cloak)
rCorr   .                        (no gloves)
Will    .....                    (no boots)
Stlth   +                        (no amulet)
HPRegen 0.27/turn                k - +6 ring of strength
MPRegen 0.12/turn                (no ring)

@: glowing
A: sense surroundings 1, otherworldly, glowing, explore regen
a: no special abilities


You were on level 4 of the Dungeon.
You visited 1 branch of the dungeon, and saw 4 of its levels.

You collected 62 gold pieces.

Inventory:

Hand Weapons
 a - a +0 hand axe (weapon)
Missiles
 d - 13 stones (quivered)
Armour
 h - a +0 robe (worn)
Jewellery
 k - a +6 ring of strength (left hand)
Wands
 j - a wand of digging (5)
Scrolls
 f - a scroll of enchant weapon {unknown}
 i - a scroll of noise {unknown}
 l - a scroll of identify {unknown}
 m - a scroll of teleportation {unknown}
Potions
 b - a potion of curing {unknown}
 c - a potion of heal wounds {unknown}
 e - a potion of flight {unknown}
 g - 2 potions of attraction {unknown}


   Skills:
 * Level 2.6 Fighting
 + Level 3.3 Dodging
 - Level 1.4 Stealth
 + Level 3.4 Spellcasting
 - Level 1.2 Transmutations
 * Level 4.8 Earth Magic


You had 6 spell levels left.
You knew the following spells:

 Your Spells              Type           Power      Damage    Failure   Level
a - Sandblast             Erth           42%        2d11      1%          1
b - Stone Arrow           Conj/Erth      24%        3d8       16%         3

Your spell library contained the following spells:

 Spells                   Type           Power      Damage    Failure   Level
 Passwall                 Tmut/Erth      11%        N/A       6%          2
 Petrify                  Tmut/Erth      14%        N/A       38%         4


Dungeon Overview and Level Annotations

Branches:
Dungeon (4/15) Zot: 1858
 Temple: D:4-7

Altars:


Innate Abilities, Weirdness & Mutations

You passively map a small area around you.
You are easily found by Zot.
You glow in the dark.
You regain HP and MP as you explore.


Message History

Press: ? - help, Shift-Dir - straight line, f/p - iguana
Aim: an iguana (85% to hit)
The blast of sand hits the ufetubus.
The ufetubus is almost dead.
The ufetubus hits you.
The ufetubus hits you but does no damage.
The ufetubus hits you. The ufetubus misses you.
Casting: Sandblast (safe; 1% risk of failure)
Confirm with . or Enter, or press ? or * to list all spells.
Aiming: Sandblast (safe; 1% risk of failure)
Press: ? - help, Shift-Dir - straight line, f/p - iguana
Aim: an iguana (85% to hit)
The blast of sand hits the iguana but does no damage.
The ufetubus completely misses you. The ufetubus barely misses you.
A ball python comes into view.
The ufetubus hits you. The ufetubus misses you. The iguana closely misses you.
The ufetubus hits you. The ufetubus barely misses you.
Casting: Sandblast (safe; 1% risk of failure)
Confirm with . or Enter, or press ? or * to list all spells.
Aiming: Sandblast (safe; 1% risk of failure)
Press: ? - help, Shift-Dir - straight line, f/p - iguana
Aim: an iguana (85% to hit)
The blast of sand hits the iguana.
The iguana is lightly wounded.
The ball python hisses angrily.
The ufetubus hits you.
The ufetubus hits you but does no damage.
The iguana bites you!
* * * LOW HITPOINT WARNING * * *
The ufetubus hits you but does no damage.
The ufetubus hits you.
* * * LOW HITPOINT WARNING * * *
The iguana bites you!
* * * LOW HITPOINT WARNING * * *
Unknown command.
The ufetubus attacks as you move away! The ufetubus closely misses you.
The ufetubus hits you.
* * * LOW HITPOINT WARNING * * *
The iguana attacks as you move away! The iguana bites you!
You die...

* , * ##... , ,
#..... , +..... * ,
* * #### #...# , ,
#...##...# * +
.........###+# , ,
...........g.#, ,
.. .........)@l.#
*#. #.###).##5.# ,
##.########..#*..#
, #............#
....
............#,.....
#+# #..##......#
S......
..###..##......#
.......
...............#
.......
.......##..##..# ,*


You could see an iguana, an ufetubus, a goblin and a ball python.

Vanquished Creatures
  Jessica (D:2)
  An iguana (D:4)
  An orc wizard (D:3)
  A dart slug (D:1)
  6 orcs (D:3)
  3 ball pythons (D:1)
  2 bats (D:1)
  2 endoplasms (D:2)
  3 goblins
  A hobgoblin (D:2)
  2 kobolds
  3 quokkas
  3 frilled lizards
  A rat (D:3)
30 creatures vanquished.

Notes
Turn   | Place    | Note
-------+----------+-------------------------------------------
     0 | D:1      | tilp the Meteoran Earth Elementalist began the quest for
                  | the Orb.
     0 | D:1      | Reached XP level 1. HP: 14/14 MP: 5/5
   120 | D:1      | Reached XP level 2. HP: 22/22 MP: 4/6
   138 | D:1      | Reached skill level 1 in Fighting
   215 | D:2      | Reached skill level 4 in Earth Magic
   215 | D:2      | Noticed Jessica
   220 | D:2      | Killed Jessica
   221 | D:2      | Reached XP level 3. HP: 20/29 MP: 1/8
   221 | D:2      | Reached XP level 4. HP: 25/36 MP: 1/9
   227 | D:2      | Learned a level 3 spell: Stone Arrow
   349 | D:3      | Reached XP level 5. HP: 12/41 MP: 0/10
   356 | D:3      | HP: 1/41 [orc/+0 short sword (2)]
   509 | D:4      | HP: 2/42 [ufetubus (3)]
   509 | D:4      | Slain by an iguana

Illustrated notes

Levels and vault maps discovered:
D:1:      lightli_arrival_statuegarden, layout_basic,
          shapermc_ecumenical_altar_pompeii
D:2:      layout_loops_ring, uniq_robin, uniq_crazy_yiuf_cottage, uniq_jessica
D:3:      layout_loops_ring, st_stairs_12
D:4:      layout_gridville, mainiacjoe_overflow_surrounded_room,
          minmay_temple_entry_water_ring

Skill      XL: |  1  2  3  4 |
---------------+-------------+-----
Fighting       | 1 2 |  2.6
Earth Magic    | 4 |  4.8
Spellcasting   | 3 |  3.4
Dodging        | 3 |  3.3
Stealth        | |  1.4
Transmutations | |  1.2

Action                     |  1- 3 |  4- 6 || total
---------------------------+-------+-------++-------
  Melee: Unarmed           |     8 |       ||     8
         Hand axe          |       |    10 ||    10
   Cast: Sandblast         |    22 |    30 ||    52
    Use: Scroll            |       |     2 ||     2
         Potion            |       |     1 ||     1
 Armour: Robe              |     6 |     6 ||    12
  Dodge: Dodged            |     9 |    18 ||    27

Table legend: (Time is in decaauts)
 A = Elapsed time spent in this place.
 B = Non-inter-level travel time spent in this place.
 C = Inter-level travel time spent in this place.
 D = Time resting spent in this place.
 E = Time spent auto-exploring this place.
 F = Levels seen in this place.
 G = Mean time per level.
                   A        B        C        D        E       F      G
               +--------+--------+--------+--------+--------+-----+--------+
         Total |    541 |    526 |     15 |      0 |     12 |   4 |  135.2 |
       Dungeon |    541 |    526 |     15 |      0 |     12 |   4 |  135.2 |
               +--------+--------+--------+--------+--------+-----+--------+

Top non-repeatable levels by time:
     D:1: 198 daAuts
     D:3: 137 daAuts
     D:4: 117 daAuts
     D:2: 88 daAuts
